Map: Ruins of Seras

Players

nigus - Winner!

  • Race: Zerg Zerg
  • League: Platinum

Trizztein

  • Race: Terran Terran
  • League: Platinum

VOD

Have the link to the VOD?

Description

Time

  • Played on: Jan. 9, 2016, 10:42 a.m.
  • Length: 36:47
Show
View Real Time Build Order
Export as new Build Order

nigus Zerg - Winner!

Build Orders: Hatch First 

Get SALT Encoding   

  12  0:01  Drone  
  13  0:13  Overlord  
  13  0:18  Drone  
  14  0:31  Drone  
  14  0:32  Drone  
  16  0:36  Drone  
  17  0:56  Hatchery  
  16  0:58  Drone  
  16  1:02  Drone  
  18  1:09  Drone  
  18  1:10  Extractor  
  18  1:25  Drone  
  18  1:26  Spawning Pool  
  18  1:29  Drone  
  19  1:54  Overlord  
  19  1:55  Drone  
  20  2:11  Drone  
  20  2:13  Queen  
  20  2:14  Queen  
  20  2:15  Metabolic Boost  
  25  2:17  Zergling x2  
  25  2:18  Drone  
  25  2:21  Drone  
  28  2:25  Drone  
  29  2:40  Roach Warren  
  29  2:43  Zergling x2  
  28  2:48  Drone x2  
  28  2:49  Drone  
  30  2:56  Drone x2  
  32  3:04  Drone  
  33  3:13  Drone x2  
  33  3:15  Extractor  
  33  3:16  Lair  
  33  3:17  Drone  
  35  3:23  Drone  
  35  3:24  Overlord  
  35  3:25  Overlord  
  35  3:39  Overlord  
  35  3:47  Extractor  
  34  3:49  Extractor  
  34  3:52  Hatchery  
  34  3:53  Roach  
  34  3:54  Roach x2  
  38  3:59  Drone x2  
  38  4:00  Drone  
  41  4:03  Drone  
  42  4:14  Drone x2  
  42  4:15  Drone x3  
  47  4:23  Glial Reconstitution  
  47  4:29  Evolution Chamber  
  47  4:30  Evolution Chamber  
  45  4:32  Roach  
  45  4:35  Roach  
  49  4:42  Roach x2  
  50  5:07  Spore Crawler  
  50  5:09  Spore Crawler  
  50  5:11  Queen x2  
  46  5:18  Drone x2  
  48  5:26  Overlord  
  44  5:47  Spore Crawler  
  44  5:48  Overseer  
  43  5:56  Drone x6  
  45  6:24  Drone x6  
  45  6:25  Drone  
  48  6:26  Drone x3  
  48  6:27  Queen  
  49  6:35  Drone x3  
  48  6:41  Zerg Missile Weapons Level 1  
  48  6:46  Drone  
  49  6:50  Zergling x4  
  51  7:02  Roach x3  
  51  7:03  Roach x2  
  61  7:19  Drone x3  
  61  7:20  Drone x2  
  66  7:23  Drone  
  66  7:28  Drone  
  68  7:36  Spore Crawler x2  
  65  7:57  Roach x3  
  65  7:58  Ravager x2  
  73  7:59  Overlord x2  
  73  8:07  Overlord x2  
  73  8:19  Drone x4  
  77  8:20  Roach x5  
  77  8:23  Zerg Ground Armor Level 1  
  77  8:24  Tunneling Claws  
  77  8:26  Burrow  
  87  8:27  Roach  
  87  8:32  Ravager x5  
  87  8:33  Ravager  
  95  8:34  Drone x2  
  95  8:35  Drone x6  
  95  8:41  Hatchery  
  102  8:52  Zerg Missile Weapons Level 2  
  102  8:54  Roach  
  104  9:00  Overlord x2  
  104  9:07  Drone, Overlord  
  105  9:17  Spine Crawler  
  105  9:21  Roach  
  105  9:22  Roach x7  
  105  9:23  Overlord x2  
  120  9:36  Overlord  
  120  9:40  Roach x4  
  120  9:41  Roach x2  
  132  10:03  Roach  
  132  10:04  Roach x8  
  132  10:05  Roach x2  
  154  10:07  Roach x8  
  154  10:08  Roach x6  
  154  10:11  Drone x4, Infestation Pit  
  137  10:37  Spire  
  137  10:39  Roach x6  
  137  10:40  Roach x5  
  156  10:46  Roach  
  150  11:08  Overlord x4  
  150  11:29  Zerg Ground Armor Level 2  
  150  11:53  Mutalisk x4  
  150  11:54  Mutalisk x5  
  164  12:02  Zergling x14  
  164  12:03  Zergling x4  
  164  12:07  Extractor  
  172  12:08  Extractor  
  172  12:09  Extractor  
  172  12:10  Extractor  
  172  12:13  Hatchery  
  165  12:30  Mutalisk x3, Roach  
  165  12:35  Overlord  
  165  12:36  Overlord x3  
  173  12:55  Mutalisk x3  
  150  13:22  Roach x7  
  150  13:23  Roach x2  
  154  13:35  Roach x3  
  154  13:36  Queen x2  
  164  13:44  Spore Crawler  
  164  13:45  Spore Crawler  
  164  13:46  Spine Crawler  
  161  13:51  Spine Crawler  
  134  14:07  Zergling x10  
  134  14:08  Zergling x8  
  141  14:20  Roach x3  
  141  14:21  Roach x4  
  155  14:46  Drone x7  
  155  14:47  Drone  
  155  14:52  Roach x6  
  163  15:00  Hatchery  
  163  15:02  Hatchery  
  163  15:04  Roach x4  
  163  15:05  Roach x8  
  163  15:06  Roach x2  
  189  15:08  Hatchery  
  174  15:15  Roach x3  
  178  15:24  Roach x3  
  178  15:25  Roach  
  186  15:29  Drone  
  186  15:31  Drone  
  186  15:32  Drone  
  186  15:34  Ravager x7  
  186  15:35  Ravager x2  
  198  15:38  Hatchery  
  198  15:40  Roach x16  
  136  16:16  Mutalisk x7  
  136  16:17  Mutalisk x3  
  142  16:41  Ravager x3  
  142  16:42  Roach x4  
  142  16:43  Roach x3  
  159  16:55  Hive  
  159  17:09  Mutalisk x2, Roach x3  
  159  17:10  Roach  
  159  17:13  Overlord  
  159  17:15  Overlord  
  171  17:18  Drone  
  171  17:19  Drone  
  173  17:44  Corruptor x4  
  173  17:45  Corruptor  
  183  17:54  Ravager  
  183  17:55  Ravager x7  
  183  17:56  Ravager x5  
  188  18:20  Corruptor x5  
  156  19:26  Swarm Host x3  
  156  19:27  Swarm Host x2  
  156  19:29  Overlord  
  172  19:44  Roach x5  
  160  19:56  Greater Spire  
  160  19:59  Roach x3  
  164  20:00  Roach  
  139  20:19  Roach x6  
  117  20:34  Corruptor x2  
  117  20:35  Corruptor  
  123  20:51  Roach  
  123  20:52  Roach x5  
  123  20:53  Roach  
  137  21:16  Roach x3  
  137  21:17  Roach x6  
  155  21:26  Drone  
  155  21:28  Corruptor  
  137  22:09  Roach  
  137  22:12  Drone x15, Corruptor x3  
  118  22:37  Roach  
  118  22:38  Roach x6  
  118  22:39  Roach  
  134  22:44  Overlord  
  134  22:56  Extractor  
  134  22:58  Extractor  
  132  23:00  Extractor  
  132  23:02  Extractor  
  102  23:33  Roach x7  
  102  23:34  Roach x4  
  124  23:40  Zergling x2  
  124  23:41  Zergling x18  
  128  23:42  Zergling x12  
  130  24:00  Zergling x12  
  130  24:01  Zergling x18  
  143  24:09  Drone x8  
  151  24:19  Zergling x16  
  151  24:23  Zerg Missile Weapons Level 3  
  159  24:25  Zerg Melee Weapons Level 1  
  122  25:17  Corruptor x5  
  122  25:18  Corruptor  
  134  25:26  Drone x2  
  134  25:27  Drone x8  
  134  25:28  Drone x3  
  147  25:55  Spawning Pool  
  142  26:05  Extractor  
  142  26:07  Extractor  
  138  26:11  Roach x17  
  112  26:40  Corruptor x3  
  112  26:41  Corruptor x4  
  126  26:50  Zergling x10  
  126  26:51  Zergling x18  
  126  26:52  Zergling x16  
  126  26:53  Zergling x2  
  149  26:57  Adrenal Glands  
  112  27:45  Zerg Melee Weapons Level 2  
  112  27:47  Roach x4  
  82  28:19  Corruptor x3, Roach x2  
  87  28:20  Corruptor x2, Roach x2  
  87  28:21  Corruptor  
  87  28:24  Zergling x2  
  87  28:25  Roach  
  101  28:31  Drone  
  101  28:32  Drone x7  
  101  28:33  Drone x4  
  113  28:36  Zergling x12  
  113  28:37  Roach x4  
  127  28:50  Hydralisk Den  
  126  29:01  Extractor  
  126  29:02  Extractor  
  124  29:03  Corruptor x3  
  124  29:08  Zerg Flyer Weapons Level 1  
  130  29:37  Hydralisk x6  
  130  29:38  Hydralisk x3  
  141  29:39  Hydralisk  
  146  29:52  Hydralisk x3  
  93  30:37  Hydralisk x4  
  93  30:38  Hydralisk x5  
  93  30:41  Drone x6  
  93  30:42  Drone x4  
  115  30:43  Drone x8  
  115  30:44  Drone x3  
  126  30:51  Drone x4  
  126  30:56  Hatchery  
  129  30:57  Hatchery  
  129  30:58  Hatchery  
  127  31:08  Zergling x12  
  127  31:09  Zergling x16  
  141  31:15  Zerg Ground Armor Level 3  
  139  31:34  Drone x14  
  127  31:58  Hydralisk x5  
  127  31:59  Hydralisk x9  
  116  32:43  Viper, Hydralisk x3  
  116  32:44  Viper  
  102  32:45  Roach x5  
  102  32:46  Roach x2  
  102  32:47  Roach  
  120  33:05  Roach x4  
  127  33:06  Roach x8  
  143  33:13  Roach x4  
  143  33:14  Roach  
  143  33:15  Roach  
  153  33:42  Roach  
  147  34:11  Zergling x2  
  147  34:12  Zergling x14  
  147  34:13  Zergling x24  
  147  34:14  Zergling x2  
  158  34:46  Roach x5  
  158  34:47  Roach x12  
  158  34:48  Roach x3  
  109  36:02  Roach  
  109  36:03  Roach x4, Zergling x4  
  109  36:04  Zergling x24  
  104  36:05  Zergling x24  
  115  36:15  Ravager x6  
  115  36:16  Ravager x3  
  124  36:19  Roach  
  124  36:20  Roach x5  
  124  36:21  Roach x2  
  124  36:22  Roach  
Show
View Real Time Build Order
Export as new Build Order

Trizztein Terran 

Build Orders: Reaper Expand, Mech, Banshee Rush 

Get SALT Encoding   

  12  0:01  SCV  
  13  0:13  SCV  
  14  0:18  Supply Depot  
  14  0:25  SCV  
  15  0:40  SCV  
  15  0:41  Barracks  
  16  0:45  Refinery  
  16  0:52  SCV  
  17  1:04  SCV  
  18  1:16  SCV  
  19  1:28  Orbital Command  
  19  1:29  Reaper  
  20  1:46  Command Center  
  20  1:53  Supply Depot  
  20  2:06  SCV  
  20  2:07  Marine  
  22  2:12  Factory  
  22  2:18  SCV  
  22  2:21  Refinery  
  23  2:25  Barracks Reactor  
  23  2:30  SCV  
  24  2:42  SCV  
  25  2:54  SCV  
  26  2:58  Orbital Command  
  26  2:59  Starport  
  26  3:07  SCV, Hellion  
  26  3:12  Hellion  
  31  3:14  Barracks Tech Lab  
  31  3:26  Orbital Command  
  31  3:28  Supply Depot  
  31  3:30  Hellion  
  31  3:33  Hellion  
  35  3:36  SCV  
  36  3:46  Banshee, Cloaking Field  
  39  3:48  SCV  
  39  3:51  Barracks Tech Lab  
  39  3:53  Hellion  
  42  4:00  Supply Depot  
  43  4:02  SCV  
  43  4:03  SCV  
  43  4:07  Widow Mine  
  46  4:15  SCV  
  48  4:17  SCV  
  48  4:26  Supply Depot  
  48  4:27  SCV  
  48  4:29  SCV  
  48  4:30  Banshee  
  53  4:39  SCV  
  53  4:40  Widow Mine x2  
  53  4:41  SCV  
  57  4:51  SCV  
  57  4:53  SCV  
  57  4:56  Command Center  
  57  4:59  Refinery x2  
  56  5:03  SCV  
  55  5:10  SCV  
  55  5:13  Banshee  
  59  5:15  SCV  
  58  5:22  SCV  
  58  5:28  SCV  
  60  5:34  SCV  
  61  5:40  SCV  
  62  5:43  Factory  
  62  5:44  Factory  
  62  5:45  Armory x2  
  62  5:46  SCV, Engineering Bay  
  63  6:03  SCV x2  
  57  6:15  SCV x2  
  57  6:16  Orbital Command  
  59  6:21  Widow Mine x2  
  60  6:27  SCV x2  
  60  6:39  SCV x2  
  62  6:43  Orbital Command  
  62  6:51  SCV x2  
  64  6:56  Starport Reactor  
  64  6:58  Terran Vehicle And Ship Armor Level 1, Terran Vehicle Weapons Level 1  
  64  7:01  Supply Depot  
  64  7:02  Supply Depot, Infernal Pre-Igniter  
  64  7:03  SCV, Siege Tank  
  64  7:04  Supply Depot  
  68  7:13  Supply Depot, Hellion x2, Siege Tank  
  68  7:14  Supply Depot  
  75  7:18  SCV x2  
  78  7:22  SCV  
  78  7:25  Liberator  
  78  7:30  SCV x2  
  78  7:34  Hellion x2, Refinery x2  
  78  7:36  SCV, Hellion  
  90  7:45  Siege Tank  
  93  7:56  Hellion  
  93  7:57  SCV x2, Siege Tank  
  100  7:59  SCV  
  100  8:02  Barracks Reactor  
  101  8:11  Factory  
  101  8:14  SCV x3, Factory, Liberator  
  101  8:15  Hellion  
  101  8:17  Siege Tank  
  106  8:21  Missile Turret  
  106  8:23  Missile Turret  
  106  8:26  SCV x2  
  108  8:29  SCV, Siege Tank  
  115  8:36  Liberator  
  115  8:38  SCV x2  
  117  8:42  Missile Turret  
  117  8:47  Missile Turret  
  117  8:50  Barracks Tech Lab  
  117  8:51  Supply Depot  
  117  8:52  Supply Depot  
  117  8:53  Supply Depot  
  120  8:58  Supply Depot  
  120  9:00  Widow Mine  
  120  9:01  Hellion  
  124  9:04  Terran Vehicle And Ship Armor Level 2, Terran Vehicle Weapons Level 2  
  124  9:12  Hellion x2, Widow Mine  
  124  9:15  Hellion x2  
  134  9:17  Liberator  
  134  9:20  Command Center  
  134  9:22  Hellion  
  136  9:25  Command Center  
  136  9:27  Supply Depot  
  136  9:29  Supply Depot x2, Hellion  
  136  9:30  Supply Depot  
  138  9:34  Hellion, Siege Tank  
  138  9:36  Siege Tank, Medivac  
  138  9:38  Hellion  
  149  10:05  Hellion x3, Siege Tank  
  149  10:06  Siege Tank, Medivac  
  163  10:08  Siege Tank  
  163  10:13  Hellion  
  168  10:17  Medivac  
  170  10:26  Hellion  
  170  10:27  Hellion  
  170  10:29  Supply Depot, Hellion  
  170  10:30  Supply Depot  
  170  10:34  Hellion  
  170  10:37  Siege Tank  
  170  10:38  Siege Tank  
  170  10:40  Siege Tank  
  177  10:43  Missile Turret  
  172  10:53  Missile Turret  
  172  10:55  Missile Turret  
  172  10:56  Missile Turret  
  170  11:30  Sensor Tower  
  167  11:49  Liberator x2  
  167  11:50  Terran Vehicle Weapons Level 3, Terran Ship Weapons Level 1  
  166  12:04  Hellion x4, Siege Tank  
  166  12:05  Siege Tank x2  
  181  12:25  Hellion  
  181  12:26  Hellion  
  183  12:30  Starport x2  
  183  12:32  Starport  
  183  12:33  Fusion Core  
  183  12:36  Siege Tank  
  183  12:37  Siege Tank  
  189  12:43  Command Center  
  161  13:22  Hellion x4  
  161  13:23  Hellion x2, Siege Tank, Liberator x2  
  170  13:28  Command Center  
  176  13:44  Siege Tank  
  137  14:15  Starport Reactor  
  137  14:16  Starport Tech Lab x2  
  128  14:19  Liberator  
  128  14:20  Liberator  
  128  14:23  Medivac x2  
  132  14:29  Missile Turret x2  
  138  14:40  Liberator x4  
  138  14:55  Orbital Command  
  150  15:00  Hellion  
  150  15:01  Hellion x3  
  150  15:02  Liberator x2  
  156  15:21  Missile Turret  
  156  15:22  Missile Turret, Liberator  
  159  15:45  Hellion x2  
  163  15:50  Liberator x2  
  163  15:51  Orbital Command  
  152  16:00  Liberator  
  125  16:22  Missile Turret  
  125  16:40  Hellion  
  125  16:41  Hellion x2  
  125  16:42  Factory Reactor  
  125  16:44  Factory Tech Lab  
  131  16:53  Hellion x2  
  135  16:55  Refinery  
  135  17:02  Refinery, Missile Turret x2  
  135  17:06  Advanced Ballistics  
  135  17:15  Siege Tank  
  138  17:22  Command Center  
  142  17:23  Hellion x3, Siege Tank  
  147  17:33  Factory Tech Lab, Planetary Fortress  
  147  17:43  Sensor Tower  
  147  17:47  Siege Tank  
  147  17:49  Barracks  
  147  17:50  Ghost Academy, Barracks  
  150  17:52  Barracks  
  150  17:56  Sensor Tower  
  150  17:58  Missile Turret x2  
  150  18:18  Hi-Sec Auto Tracking  
  150  18:19  Siege Tank  
  153  18:22  Siege Tank x2  
  153  18:23  Hellion x3  
  149  19:15  Building Armor  
  134  19:37  Liberator x4  
  119  19:42  SCV x3  
  122  19:54  SCV  
  134  20:12  Orbital Command  
  125  20:15  Hellion x3, Siege Tank x3  
  124  20:38  Armory  
  123  21:03  Hellion x2  
  125  21:35  Hellion x2  
  124  22:03  Command Center  
  121  22:15  Siege Tank  
  104  22:16  Hellion  
  105  22:49  Hellion x4  
  105  22:50  Siege Tank x2, Refinery  
  105  22:51  Refinery  
  119  22:54  Orbital Command  
  101  23:37  Hellion x2, Siege Tank x2  
  104  23:51  SCV  
  102  24:16  Planetary Fortress  
  102  24:20  SCV  
  102  24:21  SCV  
  102  24:22  SCV  
  105  24:32  SCV  
  105  24:34  SCV x2  
  105  24:37  Viking  
  110  24:44  SCV  
  110  24:45  Siege Tank  
  111  24:46  SCV x2  
  117  24:52  Hellion  
  117  24:53  Hellion  
  117  25:28  Barracks Tech Lab x2  
  117  25:29  Barracks Tech Lab, Siege Tank  
  117  25:30  Hellion, Siege Tank x2  
  117  25:31  Hellion x3  
  117  25:32  Liberator x2  
  140  26:00  Medivac  
  140  26:14  Sensor Tower  
  140  26:17  Terran Ship Weapons Level 2  
  101  26:37  Hellion  
  70  27:29  High Capacity Fuel Tanks  
  70  27:37  Hellion x3, Siege Tank x2  
  80  27:56  Siege Tank  
  77  28:32  Hellion x3  
  83  28:37  Liberator  
  89  29:00  SCV  
  89  29:01  SCV x2  
  89  29:02  SCV  
  90  29:20  Hellion x4  
  90  29:22  Liberator x2  
  98  29:31  SCV x4  
  102  29:43  SCV x2  
  110  29:48  Hellion x2  
  90  30:26  Command Center  
  81  30:35  Hellion x2, Siege Tank x2  
  88  30:36  Siege Tank  
  88  30:42  Liberator  
  94  30:52  Hellion x2  
  101  31:07  Siege Tank  
  104  31:21  Hellion, Siege Tank x2  
  104  31:25  Liberator x3  
  112  31:29  Hellion x2  
  119  31:40  Siege Tank  
  119  31:46  Hellion  
  118  31:48  SCV x3  
  121  32:11  Hellion  
  121  32:12  Hellion x3, Siege Tank  
  129  32:25  Liberator x2  
  110  32:49  Planetary Fortress  
  110  32:52  SCV  
  111  33:01  Liberator  
  114  33:25  Refinery  
  114  33:26  Refinery  
  114  33:40  Missile Turret  
  114  33:41  Liberator x3  
  120  34:05  Hellion x4  
  120  34:06  Hellion  
  120  34:27  Hellion x2, Siege Tank x2  
  130  34:36  Hellion x3  
  130  34:45  SCV  
  130  34:46  Liberator  
  130  34:47  Liberator  
  131  34:58  SCV  
  132  35:05  SCV  
  132  35:06  SCV  
  140  35:10  SCV  
  99  35:26  Hellion x2, Siege Tank  
  68  36:14  Siege Tank  
Tags
 
Add a new tag
Caveats
  • Supply blocks, unpowered buildings, or Contaminate may cause inaccurate times.
  • Supply counts are checked every 10 seconds.